AoeStats
← Glutaeus Maximus

Arabia

508604363Analyzed
1v1 RM · 11d ago on Sep 23, 2026· 35m 52s· 2 players
Game mode
Random Map
Map size
Tiny (2 player)
Population
200
Speed
Normal
Resources
Standard
Victory
Conquest
Starting age
Dark Age
Ending age
Imperial Age
RankedLock teamsTeams togetherTeam positionsShared explorationLock speedFull tech treeHidden civsTurbo modeCheats
Victory
Defeat
🇸🇪 Vikings · Sweden
1215
+17
🇩🇪 Saracens · Germany
1226
-17
Mojobeard
7:04 Loom
9:35 Feudal Age
10:38 Double-Bit Axe
15:18 Horse Collar
15:41 Fletching
19:48 Castle Age
18:03 Gold Mining
19:06 Padded Archer Armor
20:00 Crossbowman
20:35 Bodkin Arrow
21:29 Bow Saw
23:43 Heavy Plow
25:32 Leather Archer Armor
30:38 Elite Skirmisher
35:35 Imperial Age
33:30 Squires
33:32 Scale Mail Armor
33:47 Chieftains
34:31 Arson
35:03 Chain Mail Armor
34:59 Forging
36:31 Ballistics
36:49 Ring Archer Armor
Glutaeus Maximus
6:34 Loom
10:14 Feudal Age
10:59 Double-Bit Axe
15:08 Fletching
20:46 Castle Age
19:35 Padded Archer Armor
19:55 Horse Collar
20:13 Gold Mining
20:56 Crossbowman
21:54 Bodkin Arrow
24:35 Town Watch
27:35 Ballistics
32:23 Thumb Ring
Connection lost

Rejoining the realm…

Still unreachable

The connection could not be restored.

Session expired

The server has moved on; the page needs a fresh start.